 Dungeon Crawl Stone Soup version 0.26-a0-188-ga22346179c (webtiles) character file.

Game seed: 115849787184967338

368810 MrRokkomies the Warrior (level 23, 0/168 HPs)
             Began as a Kobold Arcane Marksman on July 3, 2020.
             Was the Champion of Ashenzari.
             Slain by an ancient champion
             ... wielding a +3 battleaxe
              (21 damage)
             ... on level 3 of the Crypt on July 4, 2020.
             The game lasted 04:13:28 (61914 turns).

MrRokkomies the Warrior (Kobold Arcane Marksman)   Turns: 61914, Time: 04:13:29

Health: 0/168      AC: 21    Str: 13    XL:     23   Next: 67%
Magic:  21/37      EV: 30    Int: 29    God:    Ashenzari [******]
Gold:   324        SH:  0    Dex: 16    Spells: 7/42 levels left

rFire    + . .     SeeInvis +   a - +9 arbalest of Oxtaqozxya {elec, rN+ Int+4}
rCold    + . .     Faith    .   (shield currently unavailable)
rNeg     + + .     Spirit   .   l - +0 swamp dragon scales "Suiwn" {rPois MR+ rCorr Int+4 Dex-4} (curse)
rPois    +         Reflect  .   X - +0 helmet of the Marlin {rElec Int+3 SInv} (curse)
rElec    +         Harm     .   B - +2 cloak (curse)
rCorr    +         Clarity  +   W - +0 pair of gloves "Seid" {+Inv rPois} (curse)
MR       ++...                  x - +2 pair of boots {Stlth+} (curse)
Stlth    +++++++...             M - amulet of Vitality {Regen+ HP+15} (curse)
HPRegen  0.78/turn              Y - ring of Caoso {Wiz rF+ Stlth+} (curse)
MPRegen  0.25/turn              P - ring of the Shrike {rC+ rN+ Dex+4 Slay+2 Stlth+} (curse)

@: lightly drained
A: small, carnivore
}: 2/15 runes: serpentine, barnacled
a: Curse Item, Scrying, Transfer Knowledge, Renounce Religion, Evoke
Invisibility


You were on level 3 of the Crypt.
You worshipped Ashenzari.
Ashenzari was exalted by your worship.
You were not hungry.

You visited 7 branches of the dungeon, and saw 38 of its levels.
You visited 1 bazaar.
You also visited: Ice Cave.

You collected 4548 gold pieces.
You spent 4224 gold pieces at shops.

Inventory:

Hand Weapons
 a - the +9 arbalest of Oxtaqozxya (weapon) {elec, rN+ Int+4}
   (You took it off a yaktaur on level 1 of the Vaults)

   It charges the ammunition it shoots with electricity; occasionally upon a
   hit, such missiles may discharge and cause terrible harm.
   It affects your intelligence (+4).
   It protects you from negative energy.
 b - the +7 Spriggan's Knife {stab, EV+4 Stlth+}
   (You acquired it on level 4 of the Lair of Beasts)

   It affects your evasion (+4).
   It makes you more stealthy.
Missiles
 d - 998 bolts (quivered)
 J - 8 throwing nets
Armour
 l - the cursed +0 swamp dragon scales "Suiwn" (worn) {rPois MR+ rCorr Int+4 Dex-4}
   (You bought it in a shop on level 7 of the Dungeon)

   It affects your intelligence (+4).
   It affects your dexterity (-4).
   It protects you from poison.
   It affects your resistance to hostile enchantments.
   It provides partial protection from all sources of acid and corrosion.
   It has a curse placed upon it.
 x - a cursed +2 pair of boots of stealth (worn)
 B - a cursed +2 cloak (worn)
 I - +1 acid dragon scales
 T - the cursed +1 leather armour "Esaaxtuydd" {rC+ MR+ Dex+3}
   (You found it on level 4 of the Shoals)

   It affects your dexterity (+3).
   It protects you from cold.
   It affects your resistance to hostile enchantments.
   It has a curse placed upon it.
 W - the cursed +0 pair of gloves "Seid" (worn) {+Inv rPois}
   (You bought it in a shop on level 2 of the Orcish Mines)

   It protects you from poison.
   It lets you turn invisible.
   It has a curse placed upon it.
 X - the cursed +0 helmet of the Marlin (worn) {rElec Int+3 SInv}
   (You found it on level 14 of the Dungeon)

   It affects your intelligence (+3).
   It insulates you from electricity.
   It lets you see invisible.
   It has a curse placed upon it.
Jewellery
 j - the ring of Royalty {rPois rN+ Dex+2}
   (You found it on level 4 of the Shoals)

   [ring of positive energy]

   It affects your dexterity (+2).
   It protects you from poison.
   It protects you from negative energy.
 n - a +6 ring of dexterity
 A - a +6 ring of strength
 H - an uncursed amulet of the acrobat
 M - the cursed amulet of Vitality (around neck) {Regen+ HP+15}
   (You bought it in a shop on level 5 of the Dungeon)

   [amulet of regeneration]

   It affects your health (+15).
   It increases your rate of regeneration.
   It has a curse placed upon it.
 P - the cursed ring of the Shrike (right hand) {rC+ rN+ Dex+4 Slay+2 Stlth+}
   (You found it on level 3 of the Crypt)

   [ring of positive energy]

   It affects your dexterity (+4).
   It affects your accuracy and damage with ranged weapons and melee attacks
   (+2).
   It protects you from cold.
   It protects you from negative energy.
   It makes you more stealthy.
   It has a curse placed upon it.
 Y - the cursed ring of Caoso (left hand) {Wiz rF+ Stlth+}
   (You found it on level 13 of the Dungeon)

   [ring of wizardry]

   It improves your spell success rate.
   It protects you from fire.
   It makes you more stealthy.
   It has a curse placed upon it.
Wands
 e - a wand of flame (3)
 o - a wand of acid (8)
 t - a wand of iceblast (24)
 u - a wand of paralysis (45)
 O - a wand of digging (34)
 S - a wand of disintegration (11)
Scrolls
 p - 9 scrolls of fog
 s - 11 scrolls of remove curse
 y - 4 scrolls of holy word
 C - 10 scrolls of magic mapping
 E - 3 scrolls of fear
 F - 2 scrolls of vulnerability
 G - 32 scrolls of identify
 N - 5 scrolls of enchant armour
 Q - 19 scrolls of teleportation
 R - a scroll of blinking
 U - 4 scrolls of immolation
Potions
 c - 7 potions of flight
 h - 12 potions of brilliance
 i - a potion of magic
 k - 4 potions of cancellation
 m - 2 potions of ambrosia
 r - 3 potions of might
 w - 4 potions of haste
 z - 5 potions of lignification
 D - 2 potions of mutation
 L - 6 potions of curing
 V - a potion of resistance
Miscellaneous
 g - 3 boxes of beasts
 q - a phial of floods
 v - a tin of tremorstones (3/3)
 K - a phantom mirror
 Z - a lightning rod (4/4)
Comestibles
 f - 86 rations


   Skills:
 + Level 18.6 Fighting
 - Level 10.0(9.9) Short Blades
 - Level 18.0(17.9) Crossbows
 + Level 8.4(12.8) Armour
 * Level 18.4(22.1) Dodging
 - Level 12.1 Stealth
 - Level 10.3 Spellcasting
 - Level 5.0(9.4) Conjurations
 * Level 11.7(15.8) Hexes
 - Level 14.0(18.0) Summonings
 - Level 5.0(9.4) Translocations
 - Level 5.0(9.4) Fire Magic
 - Level 4.3(8.6) Air Magic
 - Level 11.9(16.0) Evocations


You had 7 spell levels left.
You knew the following spells:

 Your Spells              Type           Power        Failure   Level  Hunger
a - Corona                Hex            #######      0%          1    None
b - Slow                  Hex            #######.     0%          2    None
c - Confusing Touch       Hex            #######.     1%          3    None
d - Tukima's Dance        Hex            #######.     1%          3    None
e - Portal Projectile     Hex/Tloc       ######       1%          3    None
f - Blink                 Tloc           N/A          1%          2    None
g - Inner Flame           Hex/Fire       ######..     1%          3    None
h - Dazzling Flash        Conj/Hex       ######       1%          3    None
i - Shadow Creatures      Summ           N/A          1%          6    #####..
j - Summon Lightning Spi  Summ/Air       #######.     1%          4    None
k - Silence               Hex/Air        ######....   1%          5    ###....

Your spell library contained the following spells:

 Spells                   Type           Power        Failure   Level  Hunger
 Summon Small Mammal      Summ           ####         0%          1    None
 Call Imp                 Summ           #######.     0%          2    None
 Call Canine Familiar     Summ           #######.     0%          3    None
 Summon Guardian Golem    Hex/Summ       #######.     0%          3    None
 Animate Skeleton         Necr           N/A          1%          1    None
 Apportation              Tloc           ######       1%          1    None
 Beastly Appendage        Tmut           ###...       1%          1    None
 Infusion                 Chrm           ###.         1%          1    None
 Magic Dart               Conj           ####         1%          1    None
 Ensorcelled Hibernation  Hex/Ice        ######       1%          2    None
 Poisonous Vapours        Pois/Air       #####.       1%          2    None
 Shroud of Golubria       Chrm/Tloc      #####.       1%          2    None
 Conjure Flame            Conj/Fire      ######..     1%          3    None
 Mephitic Cloud           Conj/Pois/Air  ######..     1%          3    None
 Spectral Weapon          Hex/Chrm       ######..     1%          3    None
 Static Discharge         Conj/Air       ######..     1%          3    None
 Cause Fear               Hex            #######...   1%          4    None
 Leda's Liquefaction      Hex/Erth       ######....   1%          4    None
 Summon Ice Beast         Ice/Summ       ######..     1%          4    None
 Lightning Bolt           Conj/Air       ######....   1%          5    ###....
 Darkness                 Hex            #######...   1%          6    #####..
 Song of Slaying          Chrm           ###.....     2%          2    None
 Sticks to Snakes         Tmut           ###.....     2%          2    None
 Yara's Violent Unravell  Hex/Tmut       ######....   2%          5    ###....
 Bolt of Magma            Conj/Fire/Erth ######....   4%          5    ###....
 Ozocubu's Armour         Chrm/Ice       ###.....     6%          3    None
 Spider Form              Tmut/Pois      ###.......   6%          3    None
 Ice Form                 Ice/Tmut       ###.....     19%         4    None
 Freezing Cloud           Conj/Ice/Air   ######....   28%         6    #####..
 Iron Shot                Conj/Erth      #####.....   43%         6    #####..
 Blade Hands              Tmut           ###.......   45%         5    ###....
 Borgnjor's Vile Clutch   Necr/Erth      ###.......   45%         5    ###....
 Ring of Flames           Chrm/Fire      #####.....   92%         7    ######.
 Statue Form              Tmut/Erth      ###......    94%         6    #####..
 Discord                  Hex            #######...   24%         8    #######
 Ignition                 Fire           ######....   96%         8    #######
 Shatter                  Erth           ###.......   100%        9    #######
 Tornado                  Air            ######....   100%        9    #######


Dungeon Overview and Level Annotations

Branches:
Dungeon (15/15)            Temple (0/1) D:5            Lair (6/6) D:9
 Shoals (4/4) Lair:3        Snake (4/4) Lair:2        Slime (0/5) Lair:6
    Orc (2/2) D:11            Elf (0/3) Orc:2        Vaults (4/5) D:13
  Crypt (3/3) Vaults:2       Tomb (0/3) Crypt:3      Depths (0/5) D:15
  IceCv (visited)

Altars:
Ashenzari
Cheibriados
Fedhas
Gozag
Kikubaaqudgha
Nemelex Xobeh
Ru
Sif Muna
Uskayaw
Xom
Beogh

Shops:
D:5 *(=   D:6 :[   D:7 **:(%   D:10 }   D:11 %([[[   Orc:2 [*!   Shoals:3 :
Shoals:4 [   Snake:2 :(   Snake:4 %:   Vaults:1 =   Vaults:4 (

Portals:
Pandemonium: Orc:2

Annotations:
Lair:3 2 transporters, Uvul's ghost, journeyman OgWz
Shoals:1 3 runed translucent doors, Mosol's ghost, journeyman TrBr
Snake:2 3 runed translucent doors, sirjames's ghost, adept DEIE


Innate Abilities, Weirdness & Mutations

You are small and have problems with some larger weapons.
You are carnivorous and can eat meat at any time.


Message History

Press: ? - help, Shift-Dir - straight line, f/p - ancient champion
Aim: an ancient champion, wielding a +3 battleaxe and wearing a +0 chain mail (severely damaged, fast, slow)
You shoot a bolt.
The bolt barely misses the ancient champion.
The skeletal warrior misses you.
The ancient champion hits you with a +3 battleaxe!!
* * * LOW HITPOINT WARNING * * *
Okay, then.
Unknown command.
Unknown command.
Unknown command.
Firing (i - inventory. (/) - cycle)
d - 999 bolts (quivered)
Press: ? - help, Shift-Dir - straight line, f/p - ancient champion
Aim: an ancient champion, wielding a +3 battleaxe and wearing a +0 chain mail (severely damaged, fast, slow)
You shoot a bolt. The bolt hits the ancient champion!
The ancient champion is almost destroyed.
Your lightning spire disappears in a puff of smoke!
The skeletal warrior completely misses you.
The ancient champion hits you with a +3 battleaxe!!
You die...

#.8.........8.#........:.#
#....#'('#....#........#'##
#...##...##.z.#.8.^.8.##..#
,#..##....[##..#.......##..#
, ####.......####.......##..#
,,,#...8...8...#(.......##..#
{#...........#...?..(.#..##
,, +.....⌠....zz).[.....#..#
{, #.......○z°.#@.§....##..#
,, #...8...8z°.#...8.8.##(.#
######.^).○.z######....##.##
#....###'['###....###..##}#
.....'.......'......#######
.....#....)..#.....="#.##
....##.......##....[##..#
....#..)....).#.....#...#
...###......)###...##.8.# ##


You could see an ancient champion (fast, slow) and a skeletal warrior.

Vanquished Creatures
  Mara (Shoals:4)
  Vashnia (Snake:4)
  A golden dragon (Vaults:4)
  A profane servitor (Crypt:3)
  Nikola (Vaults:1)
  A bone dragon (Crypt:3)
  Rupert (Lair:6)
  An Ice Fiend (IceCv)
  3 liches
  A kraken (Shoals:4)
  6 ancient champions
  Kirke (D:12)
  8 nagarajas
  A revenant (Crypt:1)
  2 orc warlords
  7 vault wardens
  7 ghouls
  Aizul (Shoals:1)
  The ghost of Sickboy the Severer, a journeyman MiBe of Trog (Lair:4)
  2 very ugly things (Vaults:4)
  9 ironheart preservers
  8 stone giants
  2 entropy weavers
  Nessos (Orc:2)
  A deep elf annihilator (Vaults:3)
  A dire elephant (Lair:6)
  3 merfolk javelineers (Shoals:4)
  3 eidola
  13 jiangshi
  3 deep elf death magi
  Josephine (Lair:5)
  A quicksilver dragon zombie (Crypt:2)
  Harold (D:7)
  6 ettins
  10 merfolk impalers
  7 yaktaur captains
  3 great orbs of eyes
  A rakshasa (Vaults:2)
  9 vault guards
  3 ice dragons
  7 hydras
  17 naga warriors
  4 merfolk aquamancers
  4 merfolk avatars
  6 anacondas
  A spectral stone giant (Crypt:3)
  A catoblepas (Lair:6)
  4 centaur warriors
  6 death knights
  14 two-headed ogres
  10 death yaks
  An alligator snapping turtle (Shoals:4)
  2 deep troll shamans
  3 satyrs
  7 ogre magi
  2 tengu warriors (D:15)
  A titan zombie (Crypt:1)
  3 vampire magi
  7 orc high priests
  Urug (D:10)
  14 naga sharpshooters
  6 hell knights
  2 deep elf knights
  5 shock serpents
  4 soul eaters
  26 skeletal warriors
  A storm dragon zombie (Vaults:4)
  6 salamander mystics
  A golden dragon zombie (Crypt:1)
  A fire crab (shapeshifter) (Vaults:2)
  A spark wasp zombie (Crypt:2)
  A shadow wraith (Vaults:4)
  5 deep trolls
  14 sea snakes
  A torturous demonspawn (Orc:2)
  4 flayed ghosts
  2 unseen horrors
  A shadow dragon zombie (Vaults:3)
  7 naga ritualists (Snake:4)
  15 harpies
  3 deep elf archers
  A wizard (Vaults:1)
  8 ironbrand convokers
  22 orc knights
  6 necromancers
  7 deep elf magi
  5 phantasmal warriors
  13 ugly things
  A tengu skeleton (Vaults:4)
  7 cyclopes
  13 orc sorcerers
  20 salamanders
  3 wolf spiders
  An iron dragon zombie (Crypt:2)
  4 mana vipers
  9 oklob plants
  A frost giant zombie (Crypt:1)
  A spectral fire dragon (Crypt:3)
  14 manticores
  19 fauns
  A fire giant skeleton (Vaults:4)
  13 merfolk sirens
  A smoke demon (Orc:2)
  14 elephants
  22 naga magi
  A stone giant skeleton (Crypt:1)
  3 guardian serpents
  A guardian serpent (shapeshifter) (Vaults:2)
  32 black mambas
  8 water nymphs
  4 ice statues
  Psyche (D:12)
  An orange demon (Orc:2)
  3 gargoyles
  A storm dragon simulacrum (Crypt:2)
  A torpor snail (Lair:6)
  8 vault sentinels
  10 cane toads
  Maggie (D:7)
  A yaktaur (shapeshifter) (Vaults:1)
  4 rime drakes
  4 freezing wraiths
  A red draconian skeleton (Crypt:1)
  A rime drake (shapeshifter) (Vaults:1)
  27 yaktaurs
  A komodo dragon (shapeshifter) (D:15)
  A hydra zombie (Crypt:2)
  2 red devils (Orc:2)
  4 anaconda simulacra (IceCv)
  4 komodo dragons
  A hellwing (Orc:2)
  13 ice devils (IceCv)
  A jumping spider (Vaults:1)
  A tengu conjurer (D:15)
  7 trolls
  36 merfolk
  3 meliai (D:13)
  A queen bee (D:10)
  7 wind drakes
  3 hornets
  A bog body (Crypt:2)
  11 hippogriffs
  A wolf spider simulacrum (D:13)
  14 slime creatures
  Prince Ribbit (D:9)
  An ettin zombie (Vaults:4)
  13 blink frogs
  A hippogriff (shapeshifter) (Vaults:2)
  6 dream sheep
  A fire giant simulacrum (Vaults:4)
  13 snapping turtles
  5 shadows
  4 spriggans (Lair:1)
  2 redbacks (Vaults:1)
  5 wyverns
  A stone giant simulacrum (Vaults:4)
  2 spriggans (shapeshifter)
  34 yaks
  44 flying skulls (Crypt:3)
  An ettin skeleton (Vaults:3)
  10 wraiths
  11 water elementals
  A dire elephant simulacrum (IceCv)
  5 basilisks
  A hog (D:12)
  3 hungry ghosts
  2 human simulacra
  Grum (D:9)
  A neqoxec (Orc:2)
  A water nymph zombie (Crypt:1)
  3 vampire mosquitoes (D:15)
  45 nagas
  4 wargs
  5 acid dragons
  An iron troll simulacrum (IceCv)
  A soldier ant (shapeshifter) (Vaults:4)
  A two-headed ogre zombie (Crypt:1)
  16 water moccasins
  A hydra simulacrum (IceCv)
  19 porcupines
  A hornet zombie (D:15)
  51 orc warriors
  4 ettin simulacra
  2 ice beasts (D:6)
  An ice dragon simulacrum (Crypt:2)
  2 phantoms
  A swamp dragon zombie (Crypt:1)
  3 black bears
  An elephant zombie (Crypt:2)
  13 ogres
  6 sky beasts
  34 wolves
  8 necrophages
  11 centaurs
  5 boggarts
  An elf skeleton (Vaults:4)
  15 crocodiles
  6 big kobolds
  A hippogriff zombie (Crypt:1)
  Blork the orc (D:6)
  A human zombie (Vaults:4)
  14 bullfrogs
  2 human skeletons (Vaults:3)
  3 wyvern skeletons
  6 scorpions
  A polar bear zombie (Crypt:2)
  24 killer bees
  4 wights
  2 electric eels
  5 howler monkeys
  5 lava snakes (Snake:4)
  2 centaur zombies
  A quasit (D:12)
  5 centaur skeletons
  6 jellies
  19 orc wizards
  32 orc priests
  A bullfrog skeleton (D:11)
  8 hounds
  Ijyb (D:3)
  10 worker ants
  5 iguanas
  A killer bee zombie (D:8)
  An acid dragon skeleton (Crypt:2)
  A demigod skeleton (Crypt:2)
  A hound zombie (D:5)
  2 howler monkey zombies
  A worker ant zombie (D:11)
  11 gnolls
  A swamp drake zombie (Crypt:1)
  13 adders
  3 shadow imps
  3 white imps (D:5)
  3 ufetubi
  2 oozes
  2 worms (D:2)
  A barachi skeleton (Crypt:1)
  2 dart slugs
  4 leopard geckos
  117 orcs
  10 bats
  8 giant cockroaches
  8 goblins
  9 hobgoblins
  10 jackals
  6 quokkas
  2 ball pythons
  7 frilled lizards
  A frilled lizard zombie (Crypt:1)
  17 kobolds
  A leopard gecko skeleton (D:5)
  A leopard gecko zombie (D:6)
  A quokka skeleton (D:5)
  A quokka zombie (D:8)
  6 rats
  A fungus (Lair:4)
  2 tentacles (Shoals:4)
1636 creatures vanquished.

Vanquished Creatures (collateral kills)
  A vault warden (Vaults:2)
  A ghoul (Crypt:1)
  An ironheart preserver (Vaults:2)
  2 jiangshi (Crypt:1)
  A fire dragon (Vaults:2)
  3 death knights (Vaults:2)
  A two-headed ogre (D:14)
  A storm dragon skeleton (Crypt:1)
  2 skeletal warriors
  4 ironbrand convokers
  A necromancer (Crypt:1)
  An orc knight (Vaults:2)
  3 fauns (Shoals:2)
  A yaktaur (Vaults:2)
  A freezing wraith (Crypt:1)
  An ice dragon zombie (Crypt:1)
  A bog body (Crypt:1)
  An orc warrior (Vaults:4)
  2 necrophages (Crypt:1)
  A centaur (D:9)
  A howler monkey (D:9)
  An orc (Orc:2)
  A leopard gecko skeleton (Crypt:2)
33 creatures vanquished.

Vanquished Creatures (others)
  A yaktaur (Vaults:4)
  A yak (D:12)
  6 humans (D:12)
  3 dancing weapons
  A wraith (Crypt:3)
  An orc warrior (Vaults:4)
  A cane toad skeleton (Crypt:2)
  An ogre (Vaults:4)
  An orc (Vaults:2)
  11 fungi
  14 plants
  4 tentacles (Shoals:4)
45 creatures vanquished.

Grand Total: 1714 creatures vanquished

Notes
Turn   | Place    | Note
-------+----------+-------------------------------------------
     0 | D:1      | MrRokkomies the Kobold Arcane Marksman began the quest for
                  | the Orb.
     0 | D:1      | Reached XP level 1. HP: 12/12 MP: 2/2
    55 | D:1      | Reached XP level 2. HP: 5/16 MP: 3/3
   430 | D:1      | Reached XP level 3. HP: 15/20 MP: 4/4
  1437 | D:2      | Reached XP level 4. HP: 14/26 MP: 5/5
  2059 | D:3      | Found a hide-covered altar of Uskayaw.
  2126 | D:3      | Learned a level 2 spell: Slow
  2344 | D:3      | Noticed Ijyb
  2354 | D:3      | Paralysed by Ijyb for 4 turns
  2358 | D:3      | Killed Ijyb
  2484 | D:3      | Reached XP level 5. HP: 15/30 MP: 6/6
  2700 | D:3      | Learned a level 3 spell: Confusing Touch
  2714 | D:3      | Found a faded altar of an unknown god.
  2718 | D:3      | Became a worshipper of Ashenzari the Shackled
  2718 | D:3      | Reached * piety under Ashenzari
  3250 | D:3      | Reached XP level 6. HP: 33/36 MP: 7/7
  3485 | D:4      | Noticed an ogre
  3506 | D:4      | Killed an ogre
  3745 | D:4      | Reached skill level 5 in Crossbows
  3808 | D:4      | Found a shattered altar of Ashenzari.
  3839 | D:4      | Reached XP level 7. HP: 25/41 MP: 8/8
  4038 | D:4      | Found a shimmering blue altar of Sif Muna.
  4632 | D:4      | Reached ** piety under Ashenzari
  4701 | D:4      | Reached skill level 5 in Hexes
  4749 | D:5      | Entered Level 5 of the Dungeon
  4816 | D:5      | Reached skill level 5 in Dodging
  5321 | D:5      | Reached XP level 8. HP: 37/47 MP: 9/9
  5334 | D:5      | Found Uxiext's Antique Weapon Emporium.
  5414 | D:5      | Found Iqeawypn's Assorted Antiques.
  5528 | D:5      | Found a staircase to the Ecumenical Temple.
  5637 | D:5      | Found Kilu's Jewellery Emporium.
  6363 | D:6      | Noticed Blork the orc
  6373 | D:6      | Killed Blork the orc
  6458 | D:6      | Found Befeit's Antique Armour Emporium.
  6543 | D:6      | Found Lorhukhonk's Book Shop.
  6645 | D:6      | Bought a book of Minor Magic for 220 gold pieces
  6686 | D:6      | Reached XP level 9. HP: 28/52 MP: 10/10
  7434 | D:6      | Learned a level 3 spell: Tukima's Dance
  7441 | D:7      | Noticed Maggie
  7538 | D:7      | Killed Maggie
  7538 | D:7      | Reached skill level 5 in Fighting
  7703 | D:7      | Noticed Harold
  7989 | D:7      | Killed Harold
  7989 | D:7      | Reached XP level 10. HP: 12/60 MP: 9/15
  8256 | D:7      | Found Hiugiy's Weapon Shop.
  8284 | D:7      | Found Qarisuux's Book Shop.
  8323 | D:7      | Found Woijerche's Assorted Antiques.
  8343 | D:7      | Found an opulent altar of Gozag.
  8355 | D:7      | Found a blossoming altar of Fedhas.
  8659 | D:7      | Found Myciubbi's General Store.
  8790 | D:7      | Found Juvyadd's Food Boutique.
  9055 | D:7      | Learned a level 3 spell: Portal Projectile
  9058 | D:7      | Learned a level 2 spell: Blink
  9062 | D:7      | Learned a level 3 spell: Inner Flame
  9097 | D:8      | Found a snail-covered altar of Cheibriados.
  9151 | D:8      | Reached skill level 10 in Crossbows
  9296 | D:8      | Reached skill level 1 in Translocations
  9602 | D:8      | Reached skill level 5 in Spellcasting
  9770 | D:8      | Reached *** piety under Ashenzari
 10467 | D:8      | Found a shimmering altar of Xom.
 10470 | D:8      | Found a sacrificial altar of Ru.
 10595 | D:9      | Noticed a two-headed ogre
 10615 | D:9      | Killed a two-headed ogre
 10730 | D:9      | Noticed Prince Ribbit
 10778 | D:9      | Killed Prince Ribbit
 10778 | D:9      | Reached XP level 11. HP: 35/67 MP: 18/20
 11185 | D:9      | Found a staircase to the Lair.
 11493 | D:9      | Reached skill level 5 in Translocations
 11498 | D:9      | Learned a level 3 spell: Dazzling Flash
 11635 | D:9      | Found a sparkling altar of Nemelex Xobeh.
 12147 | D:9      | Reached skill level 1 in Fire Magic
 12155 | D:9      | Reached skill level 1 in Conjurations
 12351 | D:9      | Noticed a three-headed hydra
 12383 | D:9      | Killed a three-headed hydra
 12688 | Lair:1   | Entered Level 1 of the Lair of Beasts
 12688 | Lair:1   | Noticed Grum
 12688 | Lair:1   | Noticed an elephant
 12688 | Lair:1   | Noticed an elephant
 12688 | Lair:1   | Noticed an elephant
 12688 | Lair:1   | Noticed an elephant
 12688 | Lair:1   | Noticed an elephant
 12752 | D:10     | Entered Level 10 of the Dungeon
 12806 | D:10     | Noticed Urug
 12841 | D:10     | Found Xach's Gadget Emporium.
 12842 | D:10     | Killed Urug
 14459 | D:10     | Reached skill level 1 in Short Blades
 14851 | D:10     | Reached XP level 12. HP: 73/73 MP: 22/22
 15201 | D:11     | Found a staircase to the Orcish Mines.
 15505 | D:10     | Paralysed by a hornet for 1 turns
 16094 | D:11     | Reached skill level 5 in Fire Magic
 16250 | D:11     | Found Toguirgh's Antique Armour Emporium.
 16269 | D:11     | Found Gekhloow's Armour Emporium.
 16319 | D:11     | Reached **** piety under Ashenzari
 16430 | D:11     | Found Ymog's Antique Armour Shop.
 16515 | D:11     | Found Isaisch's Food Boutique.
 16523 | D:11     | Found Kaud's Weapon Shoppe.
 16531 | D:11     | Bought a +2 arbalest of freezing for 301 gold pieces
 16577 | D:12     | Reached skill level 5 in Conjurations
 16836 | D:12     | Reached skill level 1 in Stealth
 17178 | D:12     | Noticed a two-headed ogre
 17222 | D:12     | Killed a two-headed ogre
 17441 | D:12     | Noticed Kirke
 17481 | D:12     | Killed Kirke
 17481 | D:12     | Reached skill level 5 in Short Blades
 17915 | D:12     | Noticed a seven-headed hydra
 17919 | D:12     | Killed a seven-headed hydra
 18069 | D:12     | Reached XP level 13. HP: 80/80 MP: 23/23
 18374 | D:12     | Noticed Psyche
 18383 | D:12     | Killed Psyche
 19035 | D:13     | Reached skill level 5 in Stealth
 19155 | D:13     | Found a gate to the Vaults.
 19155 | D:13     | Noticed a vault guard
 19155 | D:13     | Noticed a vault guard
 19155 | D:13     | Noticed a vault guard
 19198 | Orc:1    | Entered Level 1 of the Orcish Mines
 19429 | Orc:1    | Noticed an orc warlord
 19703 | D:9      | Killed Grum
 20387 | Lair:1   | Reached ***** piety under Ashenzari
 20394 | Lair:1   | Reached skill level 10 in Fighting
 20640 | Lair:1   | Noticed a six-headed hydra
 20683 | Lair:1   | Killed a six-headed hydra
 21486 | Lair:2   | Found a staircase to the Snake Pit.
 21585 | Lair:2   | Reached skill level 10 in Short Blades
 21773 | Lair:2   | Reached skill level 1 in Evocations
 22720 | Lair:2   | Reached XP level 14. HP: 72/88 MP: 24/24
 23166 | Lair:3   | Found a staircase to the Shoals.
 23544 | Lair:3   | Found a transporter.
 23549 | Lair:3   | Found a transporter.
 23584 | Lair:3   | Noticed Uvul's ghost (journeyman OgWz)
 24292 | Lair:3   | Reached skill level 10 in Dodging
 24957 | Lair:4   | Found a runed translucent door.
 24959 | Lair:4   | Noticed Sickboy's ghost (journeyman MiBe)
 25695 | D:5      | Bought the amulet of Vitality {Regen+ HP+15} for 790 gold
                  | pieces
 25695 | D:5      | Found the amulet of Vitality {Regen+ HP+15}
 26208 | Lair:4   | Identified a scroll of acquirement
 26209 | Lair:4   | Found the cursed +7 Spriggan's Knife {stab, EV+4 Stlth+}
 26209 | Lair:4   | Got the cursed +7 Spriggan's Knife {stab, EV+4 Stlth+}
 26635 | Lair:5   | Noticed Josephine
 26686 | Lair:5   | Killed Josephine
 27090 | D:7      | Bought a pair of embroidered gloves for 180 gold pieces
 27408 | Lair:5   | Reached ****** piety under Ashenzari
 27706 | Lair:5   | Reached skill level 5 in Evocations
 27981 | Lair:6   | Entered Level 6 of the Lair of Beasts
 28190 | Lair:6   | Found a staircase to the Slime Pits.
 28553 | Lair:6   | Reached skill level 15 in Crossbows
 28559 | Lair:6   | Reached XP level 15. HP: 96/96 MP: 12/25
 28661 | Lair:6   | Noticed Rupert
 28683 | Lair:6   | Killed Rupert
 30486 | Orc:1    | Killed an orc warlord
 31108 | Orc:2    | Entered Level 2 of the Orcish Mines
 31731 | Orc:2    | Found a staircase to the Elven Halls.
 31766 | Orc:2    | Found a roughly hewn altar of Beogh.
 31839 | Orc:2    | Noticed Nessos
 31908 | Orc:2    | Found Itruito's General Store.
 31916 | Orc:2    | Found Dowui's Distillery.
 32014 | Orc:2    | Killed Nessos
 32147 | Orc:2    | Reached XP level 16. HP: 98/101 MP: 21/26
 32230 | Orc:2    | HP: 5/116 [soul eater/drain life (19)]
 33075 | Orc:2    | Found Repoez's Antique Armour Shop.
 33075 | Orc:2    | Found a one-way gate leading to the halls of Pandemonium.
 33075 | Orc:2    | Found Raneigih's Gadget Boutique.
 33253 | Orc:2    | Bought an ichor-stained leather armour for 224 gold pieces
 33253 | Orc:2    | Identified the +0 leather armour of Dattib {Int+2} (You
                  | bought it in a shop on level 2 of the Orcish Mines)
 33253 | Orc:2    | Bought a pair of bloodstained gloves for 304 gold pieces
 33253 | Orc:2    | Identified the cursed +0 pair of gloves "Seid" {+Inv rPois}
                  | (You bought it in a shop on level 2 of the Orcish Mines)
 33694 | D:13     | Reached skill level 10 in Evocations
 33697 | D:13     | Identified the ring of Caoso {Wiz rF+ Stlth+}
 34119 | D:14     | Found a transporter.
 34120 | D:14     | Found a transporter.
 34122 | D:14     | Identified the cursed +0 helmet of the Marlin {rElec Int+3
                  | SInv}
 34123 | D:14     | Found a roughly hewn altar of Beogh.
 34159 | D:14     | Identified the +5 ring mail of the Hall of Blades {rCorr}
 35183 | D:15     | Entered Level 15 of the Dungeon
 35300 | D:15     | Found a staircase to the Depths.
 35307 | D:15     | Reached skill level 1 in Armour
 35325 | D:15     | Reached XP level 17. HP: 106/106 MP: 15/27
 37009 | Lair:4   | Killed Sickboy's ghost
 37191 | Lair:4   | Learned a level 6 spell: Shadow Creatures
 37191 | Lair:4   | Upgraded the game from 0.26-a0-163-g6c8a0bf695 to
                  | 0.26-a0-188-ga22346179c
 37201 | Lair:4   | Learned a level 4 spell: Summon Lightning Spire
 37260 | Snake:1  | Entered Level 1 of the Snake Pit
 37289 | Snake:1  | Reached skill level 1 in Summonings
 38524 | Snake:2  | Found a runed translucent gate.
 38524 | Snake:2  | Found a runed translucent gate.
 38524 | Snake:2  | Found a runed translucent gate.
 38551 | Snake:2  | Noticed sirjames's ghost (adept DEIE)
 38652 | Snake:2  | Found Duleumir's Antique Weapon Boutique.
 38939 | Snake:2  | Found Meel's Book Shoppe.
 39848 | Snake:3  | Reached skill level 5 in Summonings
 39933 | Snake:3  | Found a frozen archway.
 39942 | IceCv    | Entered an ice cave
 40367 | IceCv    | Identified the +0 scale mail of Midwinter {Int+4}
 40367 | IceCv    | Noticed an Ice Fiend
 40370 | IceCv    | Reached XP level 18. HP: 116/116 MP: 23/28
 40434 | IceCv    | Reached skill level 15 in Dodging
 40843 | IceCv    | Killed an Ice Fiend
 42011 | Snake:4  | Entered Level 4 of the Snake Pit
 42035 | Snake:4  | Reached skill level 1 in Air Magic
 42183 | Snake:4  | Noticed Vashnia
 42191 | Snake:4  | Killed Vashnia
 42717 | Snake:4  | Reached skill level 5 in Armour
 42781 | Snake:4  | Found Leutzid's Book Shoppe.
 42833 | Snake:4  | Found Cuderyomm's Food Shoppe.
 43588 | Snake:4  | Reached skill level 15 in Fighting
 43722 | Snake:4  | Reached XP level 19. HP: 124/124 MP: 29/29
 43777 | Snake:4  | Identified the +6 flail of Integrity {protect, rN+ Dex+5}
 44167 | Snake:4  | Got a serpentine rune of Zot
 44386 | Shoals:1 | Entered Level 1 of the Shoals
 44796 | Shoals:1 | Found a runed translucent gate.
 44796 | Shoals:1 | Found a runed translucent gate.
 44799 | Shoals:1 | Found a runed translucent gate.
 44862 | Shoals:1 | Noticed Mosol's ghost (journeyman TrBr)
 45533 | Shoals:2 | Noticed Aizul
 45550 | Shoals:1 | Killed Aizul
 46594 | Shoals:3 | Reached skill level 10 in Summonings
 46769 | Shoals:3 | Found Vichim's Book Shoppe.
 46893 | Shoals:3 | Reached XP level 20. HP: 131/131 MP: 30/30
 47578 | Shoals:4 | Entered Level 4 of the Shoals
 47579 | Shoals:4 | Found Raleir's Antique Armour Shoppe.
 47600 | Shoals:4 | Identified the ring of Royalty {rPois rN+ Dex+2}
 47606 | Shoals:4 | Bought a runed cloak for 285 gold pieces
 47853 | Shoals:4 | Found a runed translucent door.
 48481 | Shoals:4 | Noticed Mara
 48501 | Shoals:4 | Noticed MrRokkomies's illusion
 48501 | Shoals:4 | Killed Mara
 48608 | Shoals:4 | Reached skill level 10 in Hexes
 48731 | Shoals:4 | Got a barnacled rune of Zot
 48774 | Shoals:4 | Identified the cursed +1 leather armour "Esaaxtuydd" {rC+
                  | MR+ Dex+3}
 49145 | Vaults:1 | Entered Level 1 of the Vaults
 49429 | Vaults:1 | Identified the +9 arbalest of Oxtaqozxya {elec, rN+ Int+4}
 49489 | Vaults:1 | Noticed Nikola
 49494 | Vaults:1 | Killed Nikola
 49551 | Vaults:1 | Found Lad Gais's Jewellery Shop.
 49960 | Vaults:1 | Reached XP level 21. HP: 138/138 MP: 22/31
 52219 | Vaults:2 | Found a staircase to the Crypt.
 52475 | Vaults:2 | Reached skill level 10 in Stealth
 52770 | Vaults:3 | Found a flickering gateway to a bazaar.
 52779 | Bazaar   | Entered a bazaar
 52817 | Bazaar   | Found Zimm's Magic Scroll Emporium.
 52867 | Bazaar   | Found Ureipn's Assorted Antiques.
 52884 | Bazaar   | Found Qeipyog's Food Emporium.
 54545 | D:7      | Bought bronze swamp dragon scales for 1320 gold pieces
 54545 | D:7      | Identified the cursed +0 swamp dragon scales "Suiwn" {rPois
                  | MR+ rCorr Int+4 Dex-4} (You bought it in a shop on level 7
                  | of the Dungeon)
 54799 | Vaults:4 | Reached XP level 22. HP: 146/146 MP: 20/34
 55659 | Vaults:4 | Found Keuhuwki's Antique Weapon Shoppe.
 56204 | Vaults:4 | Noticed a golden dragon
 56222 | Vaults:4 | Killed a golden dragon
 56709 | Crypt:1  | Entered Level 1 of the Crypt
 56988 | Crypt:1  | Reached skill level 10 in Spellcasting
 59001 | Crypt:2  | Reached XP level 23. HP: 146/152 MP: 37/37
 59780 | Crypt:3  | Entered Level 3 of the Crypt
 60172 | Crypt:3  | Found an ancient bone altar of Kikubaaqudgha.
 61021 | D:7      | Bought a book of Hexes for 600 gold pieces
 61027 | D:7      | Learned a level 5 spell: Silence
 61543 | Crypt:3  | Identified the ring of the Shrike {rC+ rN+ Dex+4 Slay+2
                  | Stlth+}
 61543 | Crypt:3  | Identified the amulet of Cailetio {RegenMP rPois Str+3}
 61578 | Crypt:3  | Identified the ring "Xuoroo Kuoqu" {+Blink rPois rN+ MR+
                  | Dex+4}
 61578 | Crypt:3  | Identified the ring "Tyit" {+Inv rN+ MR+ MP+9 Str-3}
 61753 | Crypt:3  | Noticed a profane servitor
 61768 | Crypt:3  | Killed a profane servitor
 61914 | Crypt:3  | Slain by an ancient champion

Illustrated notes

Levels and vault maps discovered:
D:1:      giann_horns, layout_loops_ring
D:2:      layout_rooms, serial_curves, eino_curves_04, eino_curves_01,
          eino_curves_02, eino_curves_04
D:3:      cheibrodos_pilgrimage, layout_basic, overflow_temple_1_default,
          chequers_ecumenical_altar_grove, first_ration, kennysheep_cross_room,
          uniq_ijyb
D:4:      layout_basic, nicolae_overflow_crystal_walls, evilmike_ruin_ashenzari,
          kennysheep_generic_room_6
D:5:      layout_loops_corners, minmay_temple_entry_wispy, serial_shops, shop,
          shop, kennysheep_mini
D:6:      layout_rooms, serial_shops, nicolae_shop_trees, shop,
          uniq_blork_the_orc
D:7:      layout_rooms, minitemple, serial_shops, kennysheep_mini_moat,
          nicolae_shop_window_shopping, shop, nicolae_shop_stone, shop,
          uniq_harold, uniq_maggie
D:8:      layout_gridville, old_standard_altar,
          gammafunk_temple_overflow_statue, special_room [special_room_orc]
D:9:      layout_basic, nemelex_xobeh_ov_fountains_minmay, erik_lair_island,
          hangedman_ranch [blue_anna_fruit_fields], uniq_prince_ribbit1
D:10:     layout_rooms, serial_shops, shop, special_room [special_room_bee],
          minmay_increasing_density, uniq_urug
D:11:     layout_rooms, orc_0_dummy, serial_shops, shop,
          nicolae_shop_window_shopping, shop, shop, kennysheep_little_box
D:12:     layout_irregular_city, uniq_kirke, uniq_psyche
D:13:     layout_basic, erik_vaults_2, nicolae_sextant, kennysheep_doodads,
          minivault_1, minmay_checkerbox
D:14:     gammafunk_beogh_shrine, layout_basic, minmay_holes
D:15:     hangedman_depths_entry_civil_slaughter, layout_layer_cave,
          st_stairs_14, nicolae_two_hexagons, kb_rosetta
Lair:1:   wad_woods_settlement, layout_regular_city, uniq_grum
Lair:2:   layout_concentric_octagons, minmay_snake_entry_guardpost_small,
          beast_lair_carwin_6
Lair:3:   layout_regular_city, minmay_shoals_entry_centaurs,
          gammafunk_ghost_hive, minmay_lair_oklob_chamber, lemuel_fruit_tree
Lair:4:   layout_hall_layers, ebering_ghost_inner_flame, fungi_pond_lemuel
Lair:5:   layout_regular_city, uniq_josephine
Lair:6:   grunt_lair_end_beastmaster, layout_cave_pods,
          minmay_slime_entry_oklob_open, uniq_rupert
Shoals:1: layout_shoals, gammafunk_ghost_necromancy,
          nicolae_shoals_this_corrosion
Shoals:2: layout_shoals, argonaut_gorgonesque, uniq_aizul
Shoals:3: cheibrodos_shoals_oceanic_diplomacy, layout_shoals, serial_shops, shop
Shoals:4: shoals_end_simple, layout_shoals, serial_shops, shop_fountains,
          lightli_airlock, uniq_mara
Snake:1:  layout_onion_interference, serial_bayou_shore_b, serial_bayou_shore_b,
          serial_bayou_shore_b
Snake:2:  layout_basic, serial_shops, shop, nicolae_shop_crystal,
          ebering_ghost_rock_garden, dpeg_stationary_puzzle
Snake:3:  layout_cave_town, portal_ice_cave_entry_dragon
Snake:4:  snake_pit, layout_basic, serial_shops, nicolae_shop_crystal,
          minmay_shop_grid_forest, uniq_vashnia
Orc:1:    layout_caves
Orc:2:    pf_orc_diabolical, layout_caves, basic_altar, uniq_nessos
Vaults:1: vaults_dpeg_encased_lava, vaults_room_stairs_pillars, v_alt_pattern_3,
          nicolae_vaults_know_your_exits, nicolae_vaults_yaktaur_gun_rack,
          nicolae_vaults_specimen_jars, grunt_vaults_funnel,
          vaults_dpeg_diagonal, hangedman_vaults_capsules,
          layout_vaults_omnigrid, serial_shops, nicolae_shop_statue_plus,
          uniq_nikola
Vaults:2: st_star, nicolae_vaults_inception_corners, v_misc_18,
          vaults_room_fancy_cross, nicolae_vaults_network_star,
          vaults_mumra_hex, hangedman_vaults_cutoff, blue_anna_dwarven_crypt,
          hangedman_vaults_cutoff, ontoclasm_vaults_gateway,
          layout_vaults_chaotic_city
Vaults:3: v_misc_24, nicolae_vaults_border_crossing, nicolae_vaults_asterisk,
          vaults_room_pools, v_misc_19, v_misc_13, hangedman_vaults_variations,
          nicolae_vaults_little_ls, nicolae_vaults_little_squares_4,
          nicolae_vaults_murderbox, hangedman_vaults_stretched_pinwheel,
          v_misc_8, layout_vaults_omnicross, serial_shops, bzr_entry_islet
Vaults:4: nicolae_vaults_hallways_thing, vaults_standard_mumra_lines, v_misc_8,
          v_misc_18, v_misc_28, v_misc_27, vaults_dpeg_spiral,
          vaults_room_ringed_pool, st_hourglassy, vaults_dpeg_hooks,
          dpeg_vaults_monster_row, dpeg_vaults_monster_box, vaults_room_pool,
          layout_vaults_maze_snakey, serial_shops, shop
Crypt:1:  layout_gridlike
Crypt:2:  layout_basic
Crypt:3:  grunt_crypt_end_deaths_head

Skill      XL: |  1  2  3  4  5  6  7  8  9 10 11 12 13 14 15 16 17 18 19 20 21 22 23 |
---------------+----------------------------------------------------------------------+-----
Dodging        | 3 4 5 6 7 8 9 11 12 14 15 16 17 18 | 18.4
Crossbows      | 3 4 5 6 7 9 10 11 13 15 17 18 | 18.0
Fighting       | 2 3 4 5 7 8 9 10 12 13 15 16 17 18 | 18.6
Hexes          | 4 5 6 7 8 10 11 | 11.7
Spellcasting   | 3 6 7 8 10 | 10.3
Translocations | 3 5 |  5.0
Fire Magic     | 4 5 |  5.0
Conjurations   | 4 5 |  5.0
Short Blades   | 1 6 10 | 10.0
Stealth        | 4 5 6 9 10 12 | 12.1
Evocations     | 2 6 8 11 | 11.9
Armour         | 1 3 5 6 8 |  8.4
Summonings     | 5 8 10 11 12 14 | 14.0
Air Magic      | 3 4 |  4.3

Action                   |  1- 3 |  4- 6 |  7- 9 | 10-12 | 13-15 | 16-18 | 19-21 | 22-24 || total
-------------------------+-------+-------+-------+-------+-------+-------+-------+-------++-------
Melee: Dagger            |    89 |   102 |   327 |   740 |   783 |       |       |       ||  2041
       Knife             |       |       |       |       |   410 |   568 |   403 |   356 ||  1737
 Fire: Hand crossbow     |    19 |    40 |    68 |   250 |       |       |       |       ||   377
       Arbalest          |       |       |       |   108 |   356 |   770 |   709 |   489 ||  2432
Throw: Dart              |       |     5 |     4 |    11 |     3 |       |     2 |       ||    25
       Throwing net      |       |       |       |     1 |       |     4 |       |     2 ||     7
 Cast: Slow              |       |     2 |     2 |    12 |     1 |       |       |       ||    17
       Confusing Touch   |       |     1 |     4 |     5 |    39 |    27 |    24 |    22 ||   122
       Tukima's Dance    |       |       |     5 |     8 |     7 |    13 |     1 |       ||    34
       Inner Flame       |       |       |       |     6 |    10 |       |     4 |       ||    20
       Portal Projectile |       |       |       |     1 |     7 |     5 |     4 |     4 ||    21
       Blink             |       |       |       |     1 |     1 |     5 |     1 |     2 ||    10
       Dazzling Flash    |       |       |       |       |    54 |    56 |   104 |    24 ||   238
       Shadow Creatures  |       |       |       |       |       |       |     9 |    17 ||    26
       Summon Lightning  |       |       |       |       |       |       |     8 |     9 ||    17
Invok: Curse Item        |       |     2 |     1 |       |     3 |     2 |       |     2 ||    10
       Scrying           |       |       |       |       |     1 |     1 |       |       ||     2
 Abil: Evoke Invisibilit |       |       |       |       |       |     1 |     1 |     5 ||     7
Evoke: Wand              |       |       |     1 |     5 |     2 |     3 |     8 |       ||    19
       Box of beasts     |       |       |       |       |       |       |     2 |       ||     2
       Tin of tremorston |       |       |       |       |       |       |     2 |       ||     2
  Use: Scroll            |     6 |     7 |     3 |    14 |     8 |     5 |     5 |     5 ||    53
       Potion            |       |     1 |     2 |     5 |     1 |     4 |     3 |       ||    16
 Stab: Sleeping          |     1 |     3 |     5 |     1 |   116 |   147 |   222 |   135 ||   630
       Confused          |       |     3 |     7 |     6 |     2 |       |       |       ||    18
       Distracted        |       |     1 |       |     1 |     1 |       |       |       ||     3
       Held in net/web   |       |       |       |     4 |       |       |       |       ||     4
       Invisible         |       |       |       |       |     5 |       |       |       ||     5
  Eat: Chunk             |    10 |     8 |    13 |    43 |    50 |    36 |    41 |    23 ||   224
       Ration            |       |       |       |     1 |       |       |       |       ||     1
Armor: Robe              |     9 |    18 |    61 |       |       |       |       |       ||    88
       Acid dragon scale |       |       |     6 |   186 |   149 |    84 |    85 |       ||   510
       Skin              |       |       |       |       |       |     3 |       |       ||     3
       Swamp dragon scal |       |       |       |       |       |       |     3 |   150 ||   153
Dodge: Dodged            |    60 |   109 |   341 |  1126 |  1312 |   738 |   986 |   699 ||  5371

Table legend:
 A = Non-vault XP
 B = Vault XP
 C = Vault XP percentage of total XP
 D = Non-vault monster count
 E = Vault monster count
 F = Vault count percentage of total count
                 A         B        C        D         E       F
            +---------+---------+-------+---------+---------+-------
      Total |  349181 |  315345 |  47.5 |    1061 |     606 |  36.4
            +---------+---------+-------+---------+---------+-------
        D:1 |      50 |       0 |   0.0 |      30 |       0 |   0.0
        D:2 |      40 |       0 |   0.0 |      15 |       0 |   0.0
        D:3 |      83 |     166 |  66.7 |      22 |       8 |  26.7
        D:4 |     456 |       3 |   0.7 |      18 |       1 |   5.3
        D:5 |     370 |       0 |   0.0 |      21 |       0 |   0.0
        D:6 |    1437 |      90 |   5.9 |      40 |       1 |   2.4
        D:7 |     610 |    1444 |  70.3 |      17 |       2 |  10.5
        D:8 |    1477 |     309 |  17.3 |      21 |      18 |  46.2
        D:9 |    2471 |    3501 |  58.6 |      25 |      17 |  40.5
       D:10 |    2939 |    2811 |  48.9 |      20 |      25 |  55.6
       D:11 |    1874 |       0 |   0.0 |      15 |       0 |   0.0
       D:12 |    7068 |    2646 |  27.2 |      33 |       3 |   8.3
       D:13 |    4338 |    8906 |  67.2 |      37 |      12 |  24.5
       D:14 |    5331 |    8420 |  61.2 |      26 |      15 |  36.6
       D:15 |    9525 |    6542 |  40.7 |      26 |      11 |  29.7
     Lair:1 |    4718 |    2120 |  31.0 |      14 |       9 |  39.1
     Lair:2 |    5970 |    1380 |  18.8 |      31 |      10 |  24.4
     Lair:3 |    3477 |    3946 |  53.2 |      18 |      12 |  40.0
     Lair:4 |    5761 |    2647 |  31.5 |      22 |       3 |  12.0
     Lair:5 |    5857 |    1969 |  25.2 |      24 |       7 |  22.6
     Lair:6 |   13939 |   15909 |  53.3 |      45 |      23 |  33.8
   Shoals:1 |   19057 |    2842 |  13.0 |      37 |       4 |   9.8
   Shoals:2 |   18968 |       0 |   0.0 |      37 |       0 |   0.0
   Shoals:3 |   18654 |    5390 |  22.4 |      38 |      10 |  20.8
   Shoals:4 |    9084 |   29387 |  76.4 |      19 |      41 |  68.3
    Snake:1 |   13278 |       0 |   0.0 |      28 |       0 |   0.0
    Snake:2 |   19834 |     427 |   2.1 |      31 |       1 |   3.1
    Snake:3 |    9151 |     985 |   9.7 |      17 |       1 |   5.6
    Snake:4 |   30519 |   37082 |  54.9 |      62 |      47 |  43.1
      Orc:1 |    3891 |       0 |   0.0 |      29 |       0 |   0.0
      Orc:2 |    1707 |   18120 |  91.4 |      27 |      65 |  70.7
   Vaults:1 |   18662 |   16433 |  46.8 |      40 |      23 |  36.5
   Vaults:2 |   18090 |   22578 |  55.5 |      31 |      42 |  57.5
   Vaults:3 |   15357 |   17515 |  53.3 |      26 |      22 |  45.8
   Vaults:4 |   18337 |   35757 |  66.1 |      33 |      50 |  60.2
    Crypt:1 |   28833 |       0 |   0.0 |      49 |       0 |   0.0
    Crypt:2 |   27968 |       0 |   0.0 |      37 |       0 |   0.0
    Crypt:3 |       0 |   56410 | 100.0 |       0 |      96 | 100.0
      IceCv |       0 |    9610 | 100.0 |       0 |      27 | 100.0
            +---------+---------+-------+---------+---------+-------
